 Dungeon Crawl Stone Soup version 0.20.1-1-g8b1a95d (webtiles) character file.

109 vatarom the Insei (level 4, -2/38 HPs)
             Began as a Draconian Transmuter on Sept 20, 2017.
             Killed by divine providence
             ... invoked by an orc priest
              (16 damage)
             ... on level 3 of the Dungeon.
             The game lasted 00:06:56 (1922 turns).

vatarom the Insei (Draconian Transmuter)            Turns: 1922, Time: 00:06:57

Health: -2/38      AC:  5    Str: 12    XL:     4   Next: 60%
Magic:  1/7        EV: 12    Int: 14    God:
Gold:   109        SH:  0    Dex: 12    Spells: 1/7 levels left

rFire    . . .     SeeInvis .     - Unarmed
rCold    . . .     Gourm    .   (no shield)
rNeg     . . .     Faith    .   (armour unavailable)
rPois    .         Spirit   .   (helmet restricted)
rElec    .         Reflect  .   (no cloak)
rCorr    .         Harm     .   (no gloves)
MR       .....                  (no boots)
Stlth    +.........             (no amulet)
Regen    0.2/turn               (no ring)
MPRegen  0.1/turn               (no ring)

@: no status effects
A: unfitting armour, cold-blooded, AC +5
a: no special abilities


You were on level 3 of the Dungeon.
You were not hungry.

You visited 1 branch of the dungeon, and saw 3 of its levels.

You collected 109 gold pieces.

Inventory:

Missiles
 a - 60 arrows
Scrolls
 d - 2 scrolls of identify
 e - a scroll of fog
Potions
 f - 2 potions of agility
 g - a potion of berserk rage {unknown}
 h - a potion of heal wounds
 j - a potion of brilliance {unknown}
 k - a potion of might {unknown}
Books
 b - a book of Changes

   Spells                             Type                      Level
   a - Beastly Appendage              Transmutation                1
   b - Sticks to Snakes               Transmutation                2
   c - Spider Form                    Transmutation/Poison         3
   d - Ice Form                       Ice/Transmutation            4
   e - Blade Hands                    Transmutation                5
Comestibles
 c - a bread ration
 i - a royal jelly
 l - 3 chunks of flesh


   Skills:
 * Level 3.5 Fighting
 - Level 1.7 Dodging
 + Level 3.9 Unarmed Combat
 - Level 2.0 Spellcasting
 + Level 2.6 Transmutations


You had one spell level left.
You knew the following spells:

 Your Spells              Type           Power        Failure   Level  Hunger
a - Beastly Appendage     Tmut           #.....       8%          1    ##.....
b - Sticks to Snakes      Tmut           #.......     12%         2    ###....
c - Spider Form           Tmut/Pois      #.........   38%         3    ####...


Dungeon Overview and Level Annotations

Branches:
Dungeon (3/15)

Altars:
Dithmenos
Elyvilon
The Shining One


Innate Abilities, Weirdness & Mutations

Your plain brown scales are hard. (AC +5)
You cannot fit into any form of body armour.
You are cold-blooded and may be slowed by cold attacks.


Message History

The orc priest calls down the wrath of Beogh upon you.
Beogh smites you!
Casting: Beastly Appendage
Confirm with . or Enter, or press ? or * to list all spells.
You create a snake!
You now have 62 arrows.
Casting: Sticks to Snakes
Confirm with . or Enter, or press ? or * to list all spells.
You create a snake!
You now have 61 arrows.
Your ball python barely misses the orc wizard.
Your ball python grabs the orc wizard.
Your ball python constricts the orc wizard.
Casting: Sticks to Snakes
Confirm with . or Enter, or press ? or * to list all spells.
You create a snake!
You now have 60 arrows.
The orc wizard casts a spell at you. The magic dart hits your ball python.
Your ball python dies!
The orc priest invokes the aid of Beogh against you.
Beogh smites you!
You die...

....... ......... .......
......#. ......# #....##.
....# #....... . ...#
##....... ..#####
##.######........ .......
#..P#.♣..♣.......
.......####SS≈≈≈≈≈≈≈≈......
......ooo$@P≈≈.)≈P≈≈≈P.....
.......###..≈≈≈≈≈≈≈.≈≈P.###
....... ##P≈≈≈≈≈≈≈≈≈≈P##
....... #.P≈≈P≈P≈.P..#
...?... #..P.≈.≈.≈≈P##
....... ###..P..♣P..#
####### #####.##### . #..
.. ###


You could see an orc priest, an orc wizard, an orc and 2 friendly ball pythons.

Vanquished Creatures
  2 adders (D:2)
  An ooze (D:3)
  2 worms (D:2)
  2 dart slugs (D:1)
  A leopard gecko (D:2)
  3 orcs (D:3)
  5 giant cockroaches
  10 goblins
  8 hobgoblins
  3 jackals (D:1)
  2 quokkas (D:3)
  A ball python (D:2)
  6 bats
  5 frilled lizards
  4 kobolds
  3 rats
58 creatures vanquished.

Vanquished Creatures (collateral kills)
  2 adders (D:2)
2 creatures vanquished.

Grand Total: 60 creatures vanquished

Notes
Turn   | Place    | Note
-------+----------+-------------------------------------------
     0 | D:1      | vatarom the Draconian Transmuter began the quest for the Orb.
     0 | D:1      | Reached XP level 1. HP: 16/16 MP: 3/3
    85 | D:1      | Reached XP level 2. HP: 24/24 MP: 5/5
   453 | D:1      | Reached XP level 3. HP: 27/30 MP: 6/6
   613 | D:2      | Learned a level 2 spell: Sticks to Snakes
   684 | D:2      | Found a white marble altar of Elyvilon.
   685 | D:2      | Found a shadowy altar of Dithmenos.
   690 | D:2      | Became a worshipper of Elyvilon the Healer
   768 | D:2      | Fell from the grace of Elyvilon
  1038 | D:2      | Learned a level 3 spell: Spider Form
  1226 | D:2      | Reached XP level 4. HP: 33/38 MP: 2/7
  1271 | D:2      | Found a glowing golden altar of the Shining One.
  1922 | D:3      | Killed from afar by an orc priest

Skill      XL: |  1  2  3 |
---------------+----------+-----
Fighting       | 2 3 |  3.5
Dodging        | |  1.7
Unarmed Combat | |  3.9
Spellcasting   | |  2.0
Transmutations | |  2.6

Action                   |  1- 3 |  4- 6 || total
-------------------------+-------+-------++-------
Melee: Unarmed           |   152 |    87 ||   239
       Tailslap          |    15 |     7 ||    22
       Kick              |     1 |       ||     1
       Punch             |     4 |     1 ||     5
       Headbutt          |     2 |     2 ||     4
 Cast: Beastly Appendage |     5 |     2 ||     7
       Sticks to Snakes  |     5 |     3 ||     8
Invok: Renounce Religion |     1 |       ||     1
  Use: Potion            |     4 |     1 ||     5
       Scroll            |     5 |       ||     5
 Stab: Invisible         |     1 |       ||     1
       Sleeping          |     1 |       ||     1
  Eat: Chunk             |     2 |     2 ||     4
Armor: Skin              |    44 |    23 ||    67
Dodge: Dodged            |    98 |    69 ||   167
